 Dungeon Crawl Stone Soup version 0.20.1-1-g8b1a95d (webtiles) character file.

12377 kae the Spear-Bearer (level 11, -5/116 HPs)
             Began as a Naga Fighter on Sept 26, 2017.
             Was a Priest of Makhleb.
             Slain by Snorg (14 damage)
             ... on level 11 of the Dungeon.
             The game lasted 00:17:36 (14094 turns).

kae the Spear-Bearer (Naga Fighter)                Turns: 14094, Time: 00:17:37

Health: -5/116     AC: 11    Str: 22    XL:     11   Next: 92%
Magic:  0/15       EV:  7    Int:  9    God:    Makhleb [***...]
Gold:   242        SH:  0    Dex: 10    Spells: 10/10 levels left

rFire    + . .     SeeInvis +   l - +2 halberd (protect)
rCold    + . .     Gourm    .   (shield currently unavailable)
rNeg     . . .     Faith    .   b - +1 scale mail
rPois    +         Spirit   +   (no helmet)
rElec    .         Reflect  .   K - +0 cloak
rCorr    .         Harm     .   (no gloves)
MR       +....     Rnd*Rage +   (no barding)
Stlth    ..........             z - amulet of guardian spirit
Regen    0.3/turn               n - ring of protection from cold
MPRegen  0.2/turn               e - ring of protection from fire

@: very slow
A: see invisible, berserk 1, deformed body, poison resistance, robust 1,
slowness 2, slow metabolism 1, spit poison 1, AC +3
a: Spit Poison, Minor Destruction, Lesser Servant of Makhleb, Renounce Religion


You were on level 11 of the Dungeon.
You worshipped Makhleb.
Makhleb was most pleased with you.
You were hungry.

You visited 2 branches of the dungeon, and saw 12 of its levels.
You also visited: Sewer and Ossuary.

You collected 578 gold pieces.
You spent 336 gold pieces at shops.

Inventory:

Hand Weapons
 i - a +1 trident
 l - a +2 halberd of protection (weapon)
 I - a cursed +0 halberd
Armour
 b - a +1 scale mail (worn)
 c - a +0 shield
 y - a +0 troll leather armour
 K - a +0 cloak (worn)
Jewellery
 e - a ring of protection from fire (right hand)
 n - a ring of protection from cold (left hand)
 z - an amulet of guardian spirit (around neck)
 A - an uncursed ring of magical power {unknown}
 D - an uncursed amulet of faith
Wands
 a - a wand of acid (4/15)
 u - a wand of lightning (5/15)
 w - a wand of random effects (15/48)
 x - a wand of lightning (6/15)
 F - a wand of random effects (29/48)
Scrolls
 k - 5 scrolls of teleportation
 o - 2 scrolls of magic mapping
 p - 9 scrolls of remove curse
 r - a scroll of fog
 v - 5 scrolls of identify
 C - a scroll of enchant weapon
 G - 2 scrolls of blinking {unknown}
 J - a scroll of enchant armour
Potions
 d - 3 potions of might
 h - 3 potions of flight
 j - 2 potions of agility
 m - a potion of heal wounds
 s - 4 potions of curing
 t - a potion of brilliance
 B - 2 potions of resistance
 H - a potion of ambrosia
Books
 E - a book of Necromancy

   Spells                             Type                      Level
   a - Pain                           Necromancy                   1
   b - Animate Skeleton               Necromancy                   1
   c - Vampiric Draining              Necromancy                   3
   d - Regeneration                   Charms/Necromancy            3
   e - Animate Dead                   Necromancy                   4
   f - Control Undead                 Necromancy                   4
Comestibles
 f - 6 bread rations
 g - 6 meat rations
 q - a royal jelly


   Skills:
 + Level 9.4 Fighting
 * Level 12.6 Polearms
 + Level 8.0 Armour
 - Level 2.4 Shields
 + Level 5.7 Invocations


You had 10 spell levels left.
You didn't know any spells.

Dungeon Overview and Level Annotations

Branches:
Dungeon (11/15)            Temple (1/1) D:7            Lair (0/6) D:11
    Orc (0/2) D:9

Altars:
Ashenzari
Cheibriados
Dithmenos
Elyvilon
Fedhas
Gozag
Hepliaklqana
Kikubaaqudgha
Makhleb
Nemelex Xobeh
Okawaru
Qazlal
Ru
Sif Muna
Trog
Uskayaw
Vehumet
Xom
Yredelemnul
Zin
The Shining One

Shops:
D:4 :   D:7 :   D:8 ?

Annotations:
D:11 Snorg


Innate Abilities, Weirdness & Mutations

You cannot wear boots.
Your serpentine skin is tough. (AC +3)
You have supernaturally acute eyesight. (SInv)
Armour fits poorly on your strangely shaped body.
Your system is resistant to poisons. (rPois)
You cover ground very slowly.
You have a slow metabolism.
You can spit poison.
You tend to lose your temper in combat.
You are robust. (+10% HP)


Message History

Snorg bites your smoke demon!! Snorg barely misses your smoke demon.
Snorg claws your smoke demon!!
Snorg burns!
Snorg bites your smoke demon but does no damage.
Snorg claws your smoke demon!
Your smoke demon dies!
A demon appears!
Snorg burns!
Snorg closely misses you. Snorg barely misses you. x2
Snorg burns! x2; Snorg bites you! Snorg claws you!
Snorg claws you but does no damage.
Your ynoxinul hits Snorg!
Snorg burns!
Snorg rages.
Snorg bites you!!
* * * LOW HITPOINT WARNING * * *
Snorg claws you.
* * * LOW HITPOINT WARNING * * *
Snorg claws you but does no damage. Snorg bites you!!
* * * LOW HITPOINT WARNING * * *
Snorg claws you!
You die...

#.....†.# ######..###
#......<# .<.....♣♣.
#......†# ........♣.
#.......# ......T...
#.......# ........♣P
####.#### #..P......
#.# #####..........
#.###..[.†....♣.PP.
####.@T3.##.......P>.P
#.....#### #....PP....
#.##.## ..P..P..♣.
#%##.# #P.P.. #.##.#
#..[.. #.##.# #..P♣.
#.##.# #.#.P #.##.#
##.# #.##.# #..#


You could see Snorg (berserk) and a friendly ynoxinul.

Vanquished Creatures
  The ghost of kae the Spear-Bearer, a novice NaFi of Makhleb (D:8)
  An unseen horror (D:10)
  An ugly thing (D:11)
  Maurice (D:10)
  Psyche (D:11)
  A troll (D:5)
  Grinder (D:3)
  A hippogriff (D:7)
  2 wraiths
  8 yaks
  A wyvern (D:11)
  A basilisk (D:11)
  A hungry ghost (D:7)
  Menkaure (D:5)
  A warg (D:9)
  A soldier ant (D:11)
  4 porcupines
  3 orc warriors
  2 sky beasts
  2 ice beasts (D:6)
  2 phantoms
  2 ogres
  10 centaurs
  4 crocodiles
  7 big kobolds
  2 elf zombies (Ossuary)
  8 bullfrogs
  A gnoll sergeant (D:10)
  The ghost of kae the Skirmisher, a weakling NaFi (D:3)
  4 scorpions
  5 wights (D:9)
  16 killer bees
  3 howler monkeys (D:11)
  7 crimson imps
  A bullfrog zombie (D:4)
  3 centaur zombies
  3 hounds
  12 orc wizards
  3 orc priests
  A bullfrog skeleton (D:9)
  5 iguanas
  Terence (D:3)
  14 worker ants
  7 hound zombies
  3 hound skeletons
  3 mummies (Ossuary)
  A worker ant zombie (D:7)
  Robin (D:3)
  16 adders
  13 gnolls
  A river rat (Sewer)
  6 shadow imps
  5 oozes
  2 adder skeletons
  2 adder zombies
  5 worms
  2 leopard geckos
  30 orcs
  6 bats
  2 giant cockroaches
  A gnoll zombie (Ossuary)
  16 goblins
  10 hobgoblins
  9 jackals
  6 quokkas
  10 ball pythons
  3 frilled lizards
  6 goblin zombies (Ossuary)
  3 hobgoblin zombies (Ossuary)
  3 jackal zombies (Ossuary)
  48 kobolds
  A kobold zombie (Ossuary)
  A leopard gecko skeleton (D:7)
  A leopard gecko zombie (D:5)
  6 quokka zombies
  20 rats
  7 rat zombies (Ossuary)
406 creatures vanquished.

Vanquished Creatures (collateral kills)
  A black bear (D:11)
1 creature vanquished.

Vanquished Creatures (others)
  2 orcs (D:10)
  A bush (D:11)
  2 fungi (D:11)
  6 plants (D:11)
11 creatures vanquished.

Grand Total: 418 creatures vanquished

Notes
Turn   | Place    | Note
-------+----------+-------------------------------------------
     0 | D:1      | kae the Naga Fighter began the quest for the Orb.
     0 | D:1      | Reached XP level 1. HP: 21/21 MP: 1/1
   223 | D:1      | Reached XP level 2. HP: 28/28 MP: 2/2
   986 | D:2      | Reached skill level 3 in Polearms
   989 | D:2      | Found a deep blue altar of Sif Muna.
   993 | D:2      | Reached XP level 3. HP: 31/34 MP: 3/3
   995 | D:2      | Found a blossoming altar of Fedhas.
  1116 | D:2      | You fall through a shaft!
  1121 | D:3      | Reached XP level 4. HP: 29/42 MP: 4/4
  1292 | D:3      | Noticed Terence
  1307 | D:3      | Killed Terence
  1307 | D:3      | Reached skill level 4 in Polearms
  1307 | D:3      | Reached XP level 5. HP: 18/50 MP: 5/5
  1323 | D:3      | Found a shadowy altar of Dithmenos.
  1429 | D:3      | Found a glowing drain.
  1434 | Sewer    | Entered a sewer
  1874 | Sewer    | Noticed a big kobold
  1893 | Sewer    | Killed a big kobold
  1893 | Sewer    | Reached XP level 6. HP: 49/57 MP: 6/6
  1995 | D:3      | Reached skill level 5 in Polearms
  2028 | D:3      | Found a white marble altar of Elyvilon.
  2047 | D:3      | Noticed Grinder
  2059 | D:3      | Killed Grinder
  2059 | D:3      | Reached XP level 7. HP: 33/66 MP: 7/7
  2364 | D:3      | Noticed kae's ghost (weakling NaFi)
  2377 | D:3      | Killed kae's ghost
  2634 | D:2      | Reached skill level 6 in Polearms
  2992 | D:3      | Noticed a hand axe
  2992 | D:3      | Noticed an enchanted hand axe
  2995 | D:3      | Found a hide-covered altar of Uskayaw.
  2995 | D:3      | Noticed Robin
  3038 | D:3      | Killed Robin
  3986 | D:4      | Reached skill level 5 in Fighting
  4012 | D:4      | Reached XP level 8. HP: 68/74 MP: 8/8
  4025 | D:4      | Reached skill level 7 in Polearms
  4092 | D:4      | Found Zin's Purification Station.
  4095 | D:4      | Found a glowing silver altar of Zin.
  4248 | D:4      | Bought a potion of curing for 90 gold pieces
  4250 | D:4      | Gained mutation: You tend to lose your temper in combat. [potion of mutation]
  4250 | D:4      | Gained mutation: You are dopey. (Int -2) [potion of mutation]
  4250 | D:4      | Gained mutation: You have a pair of small antennae on your head. [potion of mutation]
  4250 | D:4      | Gained mutation: You can translocate small distances at will. [potion of mutation]
  4632 | D:4      | Found Zutain's Book Shop.
  4773 | D:5      | Entered Level 5 of the Dungeon
  4822 | D:5      | Found a glowing golden altar of the Shining One.
  5263 | D:5      | Reached skill level 8 in Polearms
  5346 | D:5      | Reached skill level 5 in Armour
  5466 | D:5      | Reached XP level 9. HP: 81/82 MP: 9/9
  5545 | D:5      | Noticed Menkaure
  5554 | D:5      | Killed Menkaure
  5740 | D:5      | Noticed a troll
  5750 | D:5      | Killed a troll
  5750 | D:5      | Reached skill level 9 in Polearms
  6089 | D:6      | Found a sand-covered staircase.
  6112 | Ossuary  | Entered an ossuary
  7034 | D:6      | Found an iron altar of Okawaru.
  7234 | D:7      | Lost mutation: You tend to lose your temper in combat. [potion of mutation]
  7234 | D:7      | Lost mutation: You are dopey. (Int -2) [potion of mutation]
  7234 | D:7      | Lost mutation: You have a pair of small antennae on your head. [potion of mutation]
  7234 | D:7      | Lost mutation: You can translocate small distances at will. [potion of mutation]
  7234 | D:7      | Gained mutation: You tend to lose your temper in combat. [potion of mutation]
  7234 | D:7      | Gained mutation: You are robust. (+10% HP) [potion of mutation]
  7304 | D:7      | Found Geneiqe's Book Emporium.
  7337 | D:7      | Reached skill level 10 in Polearms
  7595 | D:7      | Reached XP level 10. HP: 95/103 MP: 10/10
  8044 | D:7      | Paralysed by fainting for 10 turns
  8312 | D:7      | Found a staircase to the Ecumenical Temple.
  8316 | Temple   | Entered the Ecumenical Temple
  8556 | Temple   | Became a worshipper of Makhleb the Destroyer
  8783 | D:8      | Found a sacrificial altar of Ru.
  8857 | D:8      | Noticed kae's ghost (novice NaFi)
  8887 | D:8      | Killed kae's ghost
  8887 | D:8      | Reached skill level 1 in Invocations
  9201 | D:8      | Reached skill level 11 in Polearms
  9801 | D:8      | Found Qaokenav's Magic Scroll Emporium.
  9807 | D:8      | Bought a scroll of identify for 26 gold pieces
  9807 | D:8      | Bought a scroll of identify for 26 gold pieces
  9807 | D:8      | Bought a scroll of enchant weapon for 97 gold pieces
  9807 | D:8      | Bought a scroll of enchant armour for 97 gold pieces
  9974 | D:9      | Found a staircase to the Orcish Mines.
 10083 | D:9      | Reached * piety under Makhleb
 10610 | D:10     | Entered Level 10 of the Dungeon
 10659 | D:10     | Reached XP level 11. HP: 114/114 MP: 10/13
 10901 | D:10     | Noticed Maurice
 10955 | D:10     | Killed Maurice
 10955 | D:10     | Reached ** piety under Makhleb
 11592 | D:10     | Noticed an unseen horror
 11601 | D:10     | Killed an unseen horror
 12123 | D:11     | Reached skill level 12 in Polearms
 12194 | D:11     | Reached skill level 5 in Invocations
 12195 | D:11     | Noticed Snorg
 12958 | D:11     | Reached *** piety under Makhleb
 13390 | D:11     | Noticed Psyche
 13396 | D:11     | Killed Psyche
 13453 | D:11     | Found a staircase to the Lair.
 13838 | D:11     | Noticed a brown ugly thing
 13862 | D:11     | Killed a brown ugly thing
 14094 | D:11     | Slain by Snorg

Skill      XL: |  1  2  3  4  5  6  7  8  9 10 11 |
---------------+----------------------------------+-----
Polearms       | 3 4 5 6 8 10 11 12 | 12.6
Armour         | 3 4 5 6 7 8 |  8.0
Fighting       | 4 5 6 7 8 9 |  9.4
Invocations    | 3 5 |  5.7
Shields        | |  2.4

Action                   |  1- 3 |  4- 6 |  7- 9 | 10-12 || total
-------------------------+-------+-------+-------+-------++-------
Melee: Trident           |    81 |   159 |   700 |    46 ||   986
       Halberd           |       |       |       |   673 ||   673
Invok: Lesser Servant of |       |       |       |     3 ||     3
       Minor Destruction |       |       |       |     1 ||     1
 Abil: Spit Poison       |     1 |     9 |    14 |    16 ||    40
Evoke: Wand              |       |       |       |     2 ||     2
  Use: Scroll            |     1 |     5 |    10 |     4 ||    20
       Potion            |       |     1 |     7 |     6 ||    14
  Eat: Chunk             |       |     4 |    16 |    15 ||    35
       Bread ration      |       |       |       |     1 ||     1
       Royal jelly       |       |       |       |     1 ||     1
Armor: Scale mail        |    33 |    46 |   237 |   442 ||   758
       Skin              |       |       |       |    18 ||    18
Dodge: Dodged            |    12 |    27 |   108 |   275 ||   422
Block: Shield            |    30 |    77 |   257 |    26 ||   390
